 Seeded DCSS version 0.30.1-4-g462c640d31 (webtiles) character file.

Game seed: 6351066067085065685 (custom seed)

462 Esekla the Magician (level 6, -6/32 HPs)
             Began as a Deep Elf Wanderer on Sept 14, 2023.
             Was a Believer of Vehumet.
             Mangled by an ogre
             ... wielding a +0 giant club
              (12 damage)
             ... on level 5 of the Dungeon.
             The game lasted 00:34:15 (4472 turns).

Esekla the Magician (Deep Elf Wanderer)             Turns: 4472, Time: 00:34:16

Health: -6/32      AC:  4    Str: 11    XL:     6   Next: 79%
Magic:  16/18      EV: 11    Int: 20    God:    Vehumet [**....]
Gold:   256        SH:  4    Dex: 14    Spells: 10/20 levels left

rFire   . . .        s - +5 rapier of the Hero {heavy, rN+ Dex+3}
rCold   . . .        d - +0 buckler
rNeg    + . .        c - +0 robe
rPois   .            m - +0 helmet
rElec   .            (no cloak)
rCorr   .            l - +0 pair of gloves
SInv    .            (no boots)
Will    .....        z - amulet of magic regeneration
Stlth   ++           (no ring)
HPRegen 0.25/turn    (no ring)
MPRegen 0.56/turn

%: no passive effects
@: on blink cooldown
A: no striking features
a: Renounce Religion


You were on level 5 of the Dungeon.
You worshipped Vehumet.
Vehumet was pleased with you.
You visited 1 branch of the dungeon, and saw 6 of its levels.

You collected 256 gold pieces.

Inventory:

Hand Weapons
 a - a +2 vampiric dagger
 r - a +0 trident
 s - the +5 rapier of the Hero (weapon) {heavy, rN+ Dex+3}
   (You found it on level 3 of the Dungeon)

   Dex:       It affects your dexterity (+3).
   rN:        It protects you from negative energy.
Missiles
 C - 5 poisoned darts (quivered)
 E - a throwing net
Armour
 c - a +0 robe (worn)
 d - a +0 buckler (worn)
 l - a +0 pair of gloves (worn)
 m - a +0 helmet (worn)
Jewellery
 z - an amulet of magic regeneration (around neck)
Wands
 j - a wand of roots (7)
 D - a wand of flame (15)
Scrolls
 f - 2 scrolls of fear {unknown}
 g - 4 scrolls of identify {unknown}
 o - a scroll of enchant armour {unknown}
 p - a scroll of amnesia {unknown}
 q - 2 scrolls of enchant weapon {unknown}
 t - 2 scrolls of blinking {unknown}
 v - a scroll of immolation {unknown}
 w - a scroll of silence {unknown}
 x - a scroll of summoning {unknown}
 y - a scroll of magic mapping {unknown}
 B - a scroll of fog {unknown}
Potions
 b - 2 potions of lignification
 e - a potion of ambrosia {unknown}
 h - a potion of heal wounds {unknown}
 i - 2 potions of attraction {unknown}
 k - 5 potions of curing {unknown}
 n - a potion of mutation {unknown}
 u - a potion of haste {unknown}
 A - 3 potions of brilliance {unknown}


   Skills:
 + Level 0.2 Short Blades
 * Level 2.1 Dodging
 + Level 2.1 Stealth
 * Level 1.7 Shields
 * Level 7.5 Spellcasting
 + Level 1.9 Conjurations
 * Level 4.0 Necromancy
 + Level 3.0 Translocations
 + Level 1.0 Invocations


You had 10 spell levels left.
You knew the following spells:

 Your Spells              Type           Power      Damage    Failure   Level
a - Magic Dart            Conj           60%        1d6       6%          1
b - Blink                 Tloc           38%        N/A       5%          2
d - Vampiric Draining     Necr           23%        2d7       8%          3
p - Apportation           Tloc           38%        N/A       3%          1
t - Teleport Other        Tloc           19%        N/A       11%         3

Your spell library contained the following spells:

 Spells                   Type           Power      Damage    Failure   Level
 Freeze                   Ice            28%        1d5       13%         1
 Lesser Beckoning         Tloc           38%        N/A       5%          2
 Gell's Gravitas          Tloc           19%        N/A       11%         3
 Ignite Poison            Fire/Tmut/Pois 7%         N/A       36%         3
 Spider Form              Tmut/Pois      7%         N/A       36%         3
 Cause Fear               Hex            3%         N/A       78%         4
 Summon Mana Viper        Hex/Summ       7%         N/A       98%         5


Dungeon Overview and Level Annotations

Branches:
Dungeon (6/15)
 Temple: D:4-7

Altars:
Dithmenos
Hepliaklqana
Okawaru
Qazlal
Trog
Vehumet
Zin
The Shining One

Shops:
D:2 =   D:4 (

Annotations:
D:2 black bear


Message History

The ogre looks even sicker.
The ogre is lightly wounded.
Casting: Vampiric Draining (quite dangerous; 8% risk of failure)
Confirm with . or Enter, or press ? or * to list all spells.
Aiming: Magic Dart (safe; 6% risk of failure)
Press: ? - help, Shift-Dir - straight line, f/p - ogre
Aim: an ogre, wielding a +0 giant club (lightly wounded, very poisoned, 100% to hit)
The magic dart hits the ogre.
The ogre is moderately wounded.
You barely miss the ogre.
The ogre is moderately wounded.
The ogre misses you.
You barely miss the ogre.
The ogre is moderately wounded.
The ogre closely misses you.
You barely miss the ogre.
The ogre is moderately wounded.
You block the ogre's attack.
The ogre hits you with a +0 giant club!!
Ouch! That really hurt!
* * * LOW HITPOINT WARNING * * *
Casting: Magic Dart (safe; 6% risk of failure)
Confirm with . or Enter, or press ? or * to list all spells.
You blink.
Throw: 7 darts (poison)
Press: ? - help, Q - select action, (/) - cycle Shift-Dir - straight line, f/p - ogre
Aim: an ogre, wielding a +0 giant club (heavily wounded, poisoned, 73% to hit)
You throw a poisoned dart. The poisoned dart hits the ogre.
The ogre looks even sicker.
The ogre is heavily wounded.
You feel stable enough to blink again.
Throw: 6 darts (poison)
Press: ? - help, Q - select action, (/) - cycle Shift-Dir - straight line, f/p - ogre
Aim: an ogre, wielding a +0 giant club (severely wounded, poisoned, 73% to hit)
You throw a poisoned dart.
The poisoned dart barely misses the ogre.
Casting: Blink (safe; 5% risk of failure)
Confirm with . or Enter, or press ? or * to list all spells.
You blink.
The ogre hits you with a +0 giant club!
You die...

###################
#§O@....(....(.((.#
##.###############.# #...#
#######.## ###.#.### #.........
#####)..#...######.........
#######.....###..........#####.#.
........###...#.#.######.# #.#.
######### ###...#..S# #.# #.#.
...#####.# #.# #.#


You could see an ogre (poisoned).

Vanquished Creatures
  A gnoll bouda (D:4)
  3 hounds
  3 iguanas
  12 gnolls
  8 adders
  A worm (D:4)
  3 dart slugs
  8 orcs
  4 endoplasms
  8 goblins
  5 hobgoblins
  A quokka (D:1)
  6 ball pythons
  4 bats
  4 frilled lizards
  5 kobolds
  A rat (D:2)
77 creatures vanquished.

Notes
Turn   | Place    | Note
-------+----------+-------------------------------------------
     0 | D:1      | Esekla the Deep Elf Wanderer began the quest for the Orb.
     0 | D:1      | Esekla set off with the following items: a +0 club, a
                  | potion of lignification, a +0 robe, a +0 buckler; and the
                  | following spells available to memorise: Apportation, Blink,
                  | Lesser Beckoning, Magic Dart, Ignite Poison, Vampiric
                  | Draining.
     0 | D:1      | Reached XP level 1. HP: 10/10 MP: 7/7
     3 | D:1      | Learned a level 1 spell: Magic Dart
     5 | D:1      | Learned a level 1 spell: Apportation
   238 | D:2      | Found Renulab's Jewellery Shop.
   451 | D:4      | Found a radiant altar of Vehumet.
   462 | D:4      | Found an iron altar of Okawaru.
   470 | D:4      | Found a glowing silver altar of Zin.
   559 | D:4      | Became a worshipper of Vehumet
   664 | D:3      | Reached XP level 2. HP: 15/15 MP: 1/9
   777 | D:3      | Learned a level 2 spell: Blink
   863 | D:3      | Reached skill level 5 in Spellcasting
   922 | D:3      | You fall into a shaft and drop 1 floor!
   990 | D:4      | Found Ponaysk's Antique Weapon Boutique.
  1279 | D:3      | Identified the +5 rapier of the Hero {heavy, rN+ Dex+3}
  1304 | D:2      | Reached XP level 3. HP: 19/19 MP: 11/11
  1308 | D:2      | Learned a level 3 spell: Vampiric Draining
  1621 | D:3      | Found a stormy altar of Qazlal.
  1628 | D:3      | Found a bloodstained altar of Trog.
  1630 | D:3      | Found a hazy altar of Hepliaklqana.
  1642 | D:3      | Reached skill level 1 in Dodging
  1642 | D:3      | Reached skill level 1 in Conjurations
  1642 | D:3      | Reached XP level 4. HP: 11/24 MP: 0/13
  1916 | D:3      | Reached skill level 1 in Necromancy
  1994 | D:4      | Found a glowing golden altar of the Shining One.
  2063 | D:4      | Reached skill level 6 in Spellcasting
  2337 | D:4      | Reached * piety under Vehumet
  2337 | D:4      | Offered knowledge of Kiss of Death by Vehumet.
  2400 | D:5      | Entered Level 5 of the Dungeon
  2408 | D:5      | Got the Parchment of the Lumpy Olives
  2429 | D:5      | Found a shadowy altar of Dithmenos.
  2505 | D:5      | Noticed a scorpion
  2535 | D:5      | Reached XP level 5. HP: 18/28 MP: 4/15
  3032 | D:1      | Learned a level 3 spell: Teleport Other
  3314 | D:2      | Offered knowledge of Freeze by Vehumet.
  3341 | D:1      | Reached ** piety under Vehumet
  3386 | D:2      | Noticed a black bear
  3420 | D:2      | Found a faded altar of an unknown god.
  3799 | D:5      | Reached skill level 7 in Spellcasting
  3799 | D:5      | Reached XP level 6. HP: 31/32 MP: 18/18
  3910 | D:6      | Noticed an ice beast
  4472 | D:5      | Mangled by an ogre

Illustrated notes

Levels and vault maps discovered:
D:1:      sevenhm_arrival_forest_fort_small_3, layout_rooms,
          chequers_serial_rivers_room_b, minmay_misc_feat_five
D:2:      layout_loops_ring, dreamdust_ecumenical_altar_angels_and_demons,
          serial_shops, shop
D:3:      layout_basic, grunt_temple_overflow_open, minmay_misc_feat_iff
D:4:      layout_basic, nicolae_overflow_quartered_altars, serial_shops,
          nicolae_diamond_shop
D:5:      layout_loops_ring, lemuel_doored_altar, minmay_misc_feat_rows,
          dreamdust_wishing_well
D:6:      layout_loops_cross, fedhas_altar_fruit_tree,
          minmay_temple_entry_glass, uniq_pikel, uniq_blork_the_orc

Skill      XL: |  1  2  3  4  5  6 |
---------------+-------------------+-----
Spellcasting   | 5 6 7 |  7.5
Dodging        | 1 2 |  2.1
Conjurations   | 1 |  1.9
Necromancy     | 1 2 4 |  4.0
Stealth        | 2 |  2.1
Translocations | 3 |  3.0
Short Blades   | |  0.2
Shields        | |  1.7
Invocations    | |  1.0

Action                     |  1- 3 |  4- 6 || total
---------------------------+-------+-------++-------
  Melee: Short sword       |    30 |    39 ||    69
         Rapier            |     1 |    13 ||    14
         Dagger            |       |    65 ||    65
  Throw: Dart              |       |     9 ||     9
   Cast: Magic Dart        |    37 |    89 ||   126
         Apportation       |    19 |    22 ||    41
         Vampiric Draining |     1 |    40 ||    41
         Blink             |       |     5 ||     5
  Evoke: Wand              |     1 |       ||     1
   Stab: Sleeping          |     2 |     3 ||     5
 Armour: Robe              |    20 |    28 ||    48
  Dodge: Dodged            |    33 |    77 ||   110
  Block: Buckler           |     9 |    32 ||    41
